 Dungeon Crawl Stone Soup version 0.24-a0-521-g122614bf49 (webtiles) character file.

Game seed: 10684544934000234792

22 vurker the Chucker (level 2, -8/28 HPs)
             Began as a Troll Hunter on July 28, 2019.
             Mangled by Sigmund
             ... wielding a +0 scythe
              (9 damage)
             ... on level 2 of the Dungeon.
             The game lasted 00:01:42 (787 turns).

vurker the Chucker (Troll Hunter)                    Turns: 787, Time: 00:01:43

Health: -8/28      AC:  7    Str: 19    XL:     2   Next: 68%
Magic:  1/1        EV: 10    Int: 10    God:
Gold:   27         SH:  0    Dex: 10    Spells: 1/1 levels left

rFire    . . .     SeeInvis .     - Unarmed
rCold    . . .     Gourm    +   (no shield)
rNeg     . . .     Faith    .   b - +1 robe
rPois    .         Spirit   .   (helmet restricted)
rElec    .         Reflect  .   (no cloak)
rCorr    .         Harm     .   (gloves unavailable)
MR       .....                  (boots unavailable)
Stlth    +.........             (no amulet)
HPRegen  0.49/turn              j - +3 ring of intelligence
MPRegen  0.07/turn              (no ring)

@: no status effects
A: large, unfitting armour, claws 3, fast metabolism 3, gourmand, regeneration
1, shaggy fur 1, tough skin 3
a: no special abilities


You were on level 2 of the Dungeon.
You were completely stuffed.

You visited 1 branch of the dungeon, and saw 2 of its levels.

You collected 27 gold pieces.

Inventory:

Missiles
 d - a throwing net (quivered)
Armour
 b - a +1 robe (worn)
Jewellery
 j - a +3 ring of intelligence (left claw)
   (You found it on level 1 of the Dungeon)
Scrolls
 g - 2 scrolls of teleportation
Potions
 f - a potion of berserk rage {unknown}
 i - a potion of invisibility {unknown}
 k - 2 potions of haste {unknown}
 n - a potion of might {unknown}
Comestibles
 e - 3 rations


   Skills:
 + Level 1.9 Fighting
 + Level 3.8 Throwing
 - Level 1.5 Dodging
 - Level 0.3 Stealth
 * Level 1.6 Unarmed Combat


You had one spell level left.
You didn't know any spells.
Your spell library was empty.

Dungeon Overview and Level Annotations

Branches:
Dungeon (2/15)

Altars:

Annotations:
D:2 Sigmund


Innate Abilities, Weirdness & Mutations

You are too large for most types of armour.
You have claws for hands.
Your metabolism is lightning-fast.
You like to eat raw meat.
Your natural rate of healing is unusually fast.
You are covered in fur. (AC +1)
You have extremely tough skin. (AC +3)


Message History

You scratch the hobgoblin.
Sigmund the Dreaded comes into view.
He is wielding a +0 scythe and wearing a +1 robe of magic resistance.
There is a stone staircase leading up here.
The hobgoblin hits you but does no damage.
You climb upwards.
There is a stone staircase leading down here.
You scratch the hobgoblin.
You kill the hobgoblin!
No target in view!
No target in view!
You climb downwards.
Level annotation: Sigmund Sigmund casts a spell.
Sigmund flickers and vanishes!
Deactivating autopickup; reactivate with Ctrl-A.
There is a stone staircase leading up here.
Throwing (i - inventory. (/) - cycle)
c - 5 large rocks (quivered)
You throw a large rock.
You hear some strange, mumbled words.
Something tries to affect you, but you resist.
Throwing (i - inventory. (/) - cycle)
c - 4 large rocks (quivered)
You throw a large rock.
A magic dart appears from out of thin air!
The magic dart hits you but does no damage.
You hear some strange, mumbled words.
Something tries to affect you, but you resist.
Throwing (i - inventory. (/) - cycle)
c - 3 large rocks (quivered)
You throw a large rock. Something hits you!
Throwing (i - inventory. (/) - cycle)
c - 2 large rocks (quivered)
You throw a large rock. Something hits you but does no damage.
Throwing (i - inventory. (/) - cycle)
c - a large rock (quivered)
You throw a large rock. Something hits you.
* * * LOW HITPOINT WARNING * * *
Throwing (i - inventory)
d - 2 throwing nets (quivered)
You throw a throwing net. Something hits you.
* * * LOW HITPOINT WARNING * * *
Something hits you.
* * * LOW HITPOINT WARNING * * *
You claw something!
Unknown command.
You closely miss something. Something hits you!
* * * LOW HITPOINT WARNING * * *
You miss something. Something hits you!
You die...

# .. ...#
######## #....
#......#
......##<#
#.......@#
........{...$...
#.$......####.##
..#...#..#
##......(.
#...##.##. #...
#.# . #... #.. .


There were no monsters in sight!

Vanquished Creatures
  A leopard gecko (D:1)
  6 bats (D:1)
  2 giant cockroaches (D:1)
  A goblin (D:1)
  A hobgoblin (D:1)
  3 jackals (D:1)
  4 frilled lizards (D:1)
  3 kobolds (D:1)
  A rat (D:1)
22 creatures vanquished.

Notes
Turn   | Place    | Note
-------+----------+-------------------------------------------
     0 | D:1      | vurker the Troll Hunter began the quest for the Orb.
     0 | D:1      | Reached XP level 1. HP: 19/19 MP: 0/0
   282 | D:1      | Reached skill level 1 in Unarmed Combat
   298 | D:1      | Reached XP level 2. HP: 25/28 MP: 1/1
   771 | D:2      | Noticed Sigmund
   786 | D:2      | HP: 1/28 [something (7)]
   787 | D:2      | Mangled by Sigmund

Levels and vault maps discovered:
D:1:      mrwooster_arrival_statue, layout_basic, columned_hall_lemuel,
          minmay_pentomino_s2
D:2:      layout_loops_cross, st_stairs_3, uniq_sigmund

Skill      XL: |  1 |
---------------+----+-----
Unarmed Combat | 1 |  1.6
Fighting       | |  1.9
Throwing       | |  3.8
Dodging        | |  1.5
Stealth        | |  0.3

Action                   || total
-------------------------++-------
Melee: Unarmed           ||    69
Throw: Large rock        ||     5
       Throwing net      ||     1
  Use: Scroll            ||     5
 Stab: Sleeping          ||     1
  Eat: Chunk             ||    13
Armor: Robe              ||    52
Dodge: Dodged            ||    44

Table legend:
 A = Non-vault XP
 B = Vault XP
 C = Vault XP percentage of total XP
 D = Non-vault monster count
 E = Vault monster count
 F = Vault count percentage of total count
                 A         B        C        D         E       F
            +---------+---------+-------+---------+---------+-------
      Total |      30 |       2 |   6.2 |      20 |       2 |   9.1
            +---------+---------+-------+---------+---------+-------
        D:1 |      30 |       2 |   6.2 |      20 |       2 |   9.1
            +---------+---------+-------+---------+---------+-------
